 Dungeon Crawl Stone Soup version 0.30.1-9-gdf580d7c3d (webtiles) character file.

Game seed: 5466170732489094000

1780 Wiggles the Cleaver (level 8, -1/73 HPs)
             Began as a Minotaur Berserker on Sept 27, 2023.
             Was a High Priest of Trog.
             Slain by a troll (6 damage)
             ... on level 7 of the Dungeon.
             The game lasted 00:08:36 (5005 turns).

Wiggles the Cleaver (Minotaur Berserker)            Turns: 5005, Time: 00:08:37

Health: -1/73      AC: 11    Str: 25    XL:     8   Next: 81%
Magic:  7/7        EV:  9    Int:  4    God:    Trog [*****.]
Gold:   333        SH:  3    Dex:  9    Spells: 7/7 levels left

rFire   . . .        z - +1 hand axe (heavy)
rCold   . . .        I - +0 buckler
rNeg    + . .        H - +0 chain mail
rPois   .            (helmet restricted)
rElec   .            o - +0 cloak
rCorr   .            (no gloves)
SInv    +            (no boots)
Will    .....        (no amulet) Stlth
                     u - ring of positive energy
HPRegen 0.32/turn    r - ring of see invisible
MPRegen 0.10/turn

%: no passive effects
@: on berserk cooldown
A: horns 2, retaliatory headbutt
a: Renounce Religion, Berserk, Trog's Hand, Brothers in Arms


You were on level 7 of the Dungeon.
You worshipped Trog.
Trog was extremely pleased with you.
You visited 1 branch of the dungeon, and saw 7 of its levels.
You also visited: Ossuary.

You collected 333 gold pieces.

Inventory:

Hand Weapons
 a - a +0 hand axe
 z - a +1 heavy hand axe (weapon)
Missiles
 t - a throwing net (quivered)
Armour
 o - a +0 cloak (worn)
 H - a +0 chain mail (worn)
 I - a +0 buckler (worn)
Jewellery
 j - a ring of fire
 q - a +5 ring of evasion
 r - a ring of see invisible (right hand)
 u - a ring of positive energy (left hand)
 y - a ring of flight
Wands
 n - a wand of digging (4)
 p - a wand of flame (23)
Scrolls
 b - 3 scrolls of poison {unknown}
 c - a scroll of blinking {unknown}
 d - 2 scrolls of magic mapping {unknown}
 f - 10 scrolls of identify {unknown}
 g - 6 scrolls of teleportation {unknown}
 i - a scroll of fog {unknown}
 l - a scroll of enchant weapon {unknown}
 s - 2 scrolls of immolation {unknown}
 v - 2 scrolls of amnesia {unknown}
 E - a scroll of brand weapon {unknown}
 F - 2 scrolls of enchant armour {unknown}
Potions
 e - 7 potions of curing {unknown}
 h - 6 potions of degeneration {unknown}
 k - 2 potions of brilliance {unknown}
 m - 2 potions of might {unknown}
 w - 2 potions of invisibility {unknown}
 x - 2 potions of lignification {unknown}
 A - 2 potions of berserk rage
 B - a potion of attraction {unknown}
 C - a potion of flight {unknown}
 D - a potion of cancellation {unknown}
 G - a potion of haste {unknown}


   Skills:
 + Level 7.3 Fighting
 + Level 9.9 Axes
 + Level 6.8 Armour
 + Level 4.2 Dodging
 + Level 0.6 Stealth
 + Level 0.2 Shields


You had 7 spell levels left.
You didn't know any spells.
Your spell library was empty.

Dungeon Overview and Level Annotations

Branches:
Dungeon (7/15)             Temple (0/1) D:4         Ossuary (visited)

Altars:
Ashenzari
Ru
Wu Jian
Zin

Shops:
D:4 [


Innate Abilities, Weirdness & Mutations

You have a pair of horns on your head.
You reflexively headbutt those who attack you in melee.


Message History

You are no longer berserk.
You are exhausted.
You feel yourself slow down.
You are too injured to fight recklessly!
A troll comes into view.
The troll shouts!
Things that are here:
a +1 spear; a +0 robe You see here a killer bee corpse.
The troll attacks as you move away! The troll bites you.
The troll claws you but does no damage. The troll barely misses you.
The troll bites you but does no damage. The troll claws you!
The troll claws you but does no damage. The troll bites you.
The troll claws you. You block the troll's attack.
You block the troll's attack. The troll barely misses you.
You block the troll's attack.
You hit the troll.
The troll is lightly wounded.
The troll bites you.
* * * LOW HITPOINT WARNING * * *
The troll claws you but does no damage. The troll claws you.
* * * LOW HITPOINT WARNING * * *
The troll barely misses you. You furiously retaliate!
You headbutt the troll! The troll claws you!
* * * LOW HITPOINT WARNING * * *
The troll claws you but does no damage.
You slash the troll!
The troll is severely wounded.
You feel yourself speed up. The troll closely misses you.
You furiously retaliate!
You headbutt the troll. The troll claws you!
* * * LOW HITPOINT WARNING * * *
You block the troll's attack.
You barely miss the troll.
The troll is severely wounded.
You block the troll's attack. The troll completely misses you.
The troll claws you.
* * * LOW HITPOINT WARNING * * *
The troll bites you.
You die...

####### #.....#
#.....#
#.....###
#...@T..##
#.....#..#
#.....##.#
#.<...##†#####
#.....##)....#
####..###.....#
##..##.....#
##.##.....#
.##......#


You could see a troll.

Vanquished Creatures
  An unseen horror zombie (D:7)
  Sigmund (D:3)
  A sky beast (D:6)
  A centaur (D:6)
  2 kobold brigands (D:4)
  A scorpion (D:5)
  A wight (D:7)
  4 killer bees (D:7)
  2 centaur zombies (D:7)
  A jelly (D:5)
  A bullfrog zombie (D:7)
  A gnoll bouda (D:4)
  2 hounds
  Crazy Yiuf (D:2)
  Terence (D:2)
  2 iguanas
  3 orc wizards
  A mummy (Ossuary)
  4 adders
  12 gnolls
  A shadow imp (D:6)
  A white imp (D:5)
  An ufetubus (D:4)
  2 worms
  2 dart slugs
  7 orcs
  3 spectral bats (Ossuary)
  12 ball pythons
  11 bats
  6 endoplasms
  3 giant cockroaches (D:1)
  12 gnoll zombies (Ossuary)
  13 hobgoblins
  5 jackals
  8 quokkas
  2 bat simulacra (Ossuary)
  2 frilled lizards
  11 goblins
  A goblin simulacrum (Ossuary)
  4 goblin zombies (Ossuary)
  2 hobgoblin zombies (Ossuary)
  11 kobolds
  2 kobold simulacra (Ossuary)
  5 kobold zombies (Ossuary)
  7 orc zombies (Ossuary)
  9 rats
  5 rat simulacra (Ossuary)
  6 spectral kobolds (Ossuary)
  3 spectral rats (Ossuary)
200 creatures vanquished.

Notes
Turn   | Place    | Note
-------+----------+-------------------------------------------
     0 | D:1      | Wiggles the Minotaur Berserker began the quest for the Orb.
     0 | D:1      | Reached XP level 1. HP: 19/19 MP: 0/0
    51 | D:1      | Reached XP level 2. HP: 11/27 MP: 1/1
   134 | D:1      | Reached skill level 4 in Axes
   433 | D:1      | Reached XP level 3. HP: 34/34 MP: 2/2
   446 | D:1      | Reached ** piety under Trog
   775 | D:2      | Reached XP level 4. HP: 41/41 MP: 3/3
   824 | D:2      | Reached skill level 5 in Fighting
   883 | D:2      | Noticed Terence
   890 | D:2      | Killed Terence
   906 | D:2      | Reached XP level 5. HP: 40/48 MP: 4/4
  1231 | D:2      | Found a runed translucent door.
  1232 | D:2      | Noticed Crazy Yiuf
  1238 | D:2      | Killed Crazy Yiuf
  1324 | D:3      | Reached skill level 5 in Axes
  1381 | D:3      | Noticed Sigmund
  1392 | D:3      | Killed Sigmund
  1393 | D:3      | Reached XP level 6. HP: 57/57 MP: 5/5
  1829 | D:3      | Found a sacrificial altar of Ru.
  1837 | D:3      | Reached *** piety under Trog
  1838 | D:3      | Reached skill level 6 in Axes
  1843 | D:3      | Found a glowing silver altar of Zin.
  1846 | D:3      | Found an ornate altar of the Wu Jian Council.
  1848 | D:3      | Found a broken altar of Ashenzari.
  2682 | D:4      | Found Muirch's Armour Emporium.
  2715 | D:4      | Identified the +5 flail of Woagui {flame, Fragile Fly rPois
                  | Int+2}
  2744 | D:4      | Reached XP level 7. HP: 63/63 MP: 6/6
  2985 | D:4      | Found a staircase to the Ecumenical Temple.
  3129 | D:4      | Reached skill level 7 in Axes
  3419 | D:5      | Entered Level 5 of the Dungeon
  3503 | D:5      | Found a faded altar of an unknown god.
  3578 | D:5      | Reached skill level 5 in Armour
  3711 | D:5      | Found a sand-covered staircase.
  3719 | Ossuary  | Entered an ossuary
  3734 | Ossuary  | Reached **** piety under Trog
  3914 | Ossuary  | Reached ***** piety under Trog
  4313 | D:6      | Reached skill level 8 in Axes
  4346 | D:6      | Reached XP level 8. HP: 52/71 MP: 7/7
  4960 | D:7      | Reached skill level 9 in Axes
  4992 | D:7      | Noticed a troll
  5005 | D:7      | Slain by a troll

Illustrated notes

Levels and vault maps discovered:
D:1:      lightli_arrival_noodles, layout_basic, minmay_vboxes
D:2:      layout_rooms, serial_glass, glass_columns_b, glass_columns_a,
          feat_on_display, feat_on_display, item_on_display_a,
          uniq_crazy_yiuf_cottage, uniq_terence
D:3:      layout_basic, minitemple, uniq_sigmund
D:4:      cheibrodos_thug_alley, layout_loops_ring,
          minmay_temple_entry_poolview, serial_shops,
          nicolae_shop_competitors_out_of_business,
          minmay_fractal_squares_gapless_5
D:5:      layout_cave_pools, serial_column_ruins, column_ruins_temple_hall,
          column_ruins_columns_corner, column_ruins_corridor_plus,
          column_ruins_open_tiny_water, column_ruins_grid_1, enter_ossuary_2
D:6:      layout_rooms, kennysheep_decorative_pillar
D:7:      layout_rooms, serial_undead, serial_undead_a, serial_undead_a,
          serial_undead_e, serial_undead_b, uniq_duvessa

Skill      XL: |  1  2  3  4  5  6  7  8 |
---------------+-------------------------+-----
Fighting       | 4 5 6 7 |  7.3
Axes           | 4 5 6 8 9 |  9.9
Armour         | 3 4 5 6 |  6.8
Dodging        | 3 4 |  4.2
Stealth        | |  0.6
Shields        | |  0.2

Action                     |  1- 3 |  4- 6 |  7- 9 || total
---------------------------+-------+-------+-------++-------
  Melee: Hand axe          |    75 |   114 |   183 ||   372
         Headbutt          |    11 |    15 |    25 ||    51
         Punch             |       |     2 |     1 ||     3
 Invoke: Berserk           |     2 |     4 |     3 ||     9
 Armour: Animal skin       |     4 |       |       ||     4
         Ring mail         |     9 |       |       ||     9
         Scale mail        |     7 |    49 |    63 ||   119
         Chain mail        |       |       |    20 ||    20
  Dodge: Dodged            |    59 |    95 |   115 ||   269
  Block: Buckler           |       |       |     8 ||     8
